 Dungeon Crawl Stone Soup version 0.29-a0-892-g2c4c91d9db (webtiles) character file.

Game seed: 7069659213828177376

25 BritishOli the Trooper (level 2, -1/24 HPs)
             Began as a Demonspawn Fighter on July 22, 2022.
             Slain by a frilled lizard (3 damage)
             ... on level 1 of the Dungeon.
             The game lasted 00:00:36 (621 turns).

BritishOli the Trooper (Demonspawn Fighter)          Turns: 621, Time: 00:00:36

Health: -1/24      AC:  6    Str: 16    XL:     2   Next: 86%
Magic:  2/2        EV:  8    Int:  9    God:
Gold:   18         SH:  4    Dex: 12    Spells: 1/1 levels left

rFire   . . .      SeeInvis .   a - +0 long sword
rCold   . . .      Faith    .   c - +0 buckler
rNeg    . . .      Spirit   .   b - +0 scale mail
rPois   .          Reflect  .   (no helmet)
rElec   .          Harm     .   (no cloak)
rCorr   .          Rampage  .   (no gloves)
Will    .....                   (no boots)
Stlth   ..........              (no amulet)
HPRegen 0.08/turn               (no ring)
MPRegen 0.08/turn               (no ring)

@: no status effects
A: weakness stinger 1
a: no special abilities


You were on level 1 of the Dungeon.
You visited 1 branch of the dungeon, and saw 1 of its levels.

You collected 18 gold pieces.

Inventory:

Hand Weapons
 a - a +0 long sword (weapon)
Armour
 b - a +0 scale mail (worn)
 c - a +0 buckler (worn)
Scrolls
 e - a scroll of magic mapping {unknown}
 f - 2 scrolls of identify {unknown}
 g - a scroll of enchant weapon {unknown}
 i - a scroll of fear {unknown}
Potions
 d - a potion of might
 h - a potion of attraction {unknown}
 j - a potion of haste {unknown}


   Skills:
 + Level 3.3 Fighting
 + Level 2.1 Long Blades
 + Level 3.0 Armour
 + Level 3.0 Shields


You had one spell level left.
You didn't know any spells.
Your spell library was empty.

Dungeon Overview and Level Annotations

Branches:
Dungeon (1/15)

Altars:


Innate Abilities, Weirdness & Mutations

You have a small tail.


Message History

The jackal barely misses you.
You completely miss the jackal.
Your tail-slap misses the jackal.
The jackal barely misses you.
The hobgoblin hits you but does no damage.
The jackal barely misses you.
You barely miss the jackal.
The hobgoblin hits you but does no damage.
The jackal barely misses you. The hobgoblin barely misses you.
You closely miss the jackal.
The jackal bites you but does no damage.
The jackal closely misses you. The hobgoblin hits you.
You closely miss the jackal.
You tail-slap the jackal, but do no damage.
The jackal closely misses you. The hobgoblin closely misses you.
The jackal bites you but does no damage.
The hobgoblin closely misses you.
You slash the jackal!
You kill the jackal!
The hobgoblin barely misses you.
You barely miss the hobgoblin. You block the endoplasm's attack.
The hobgoblin hits you.
* * * LOW HITPOINT WARNING * * *
You slash the hobgoblin!
You kill the hobgoblin!
The endoplasm jiggles.
The endoplasm completely misses you. The endoplasm freezes you.
You are frozen.
* * * LOW HITPOINT WARNING * * *
Your Shields skill increases to level 3!
You hit the endoplasm.
The endoplasm is almost dead.
The endoplasm hits you.
* * * LOW HITPOINT WARNING * * *
You slash the endoplasm!
You kill the endoplasm!
You slash the endoplasm!
You kill the endoplasm!
The frilled lizard bites you.
You die...

...# #.####.###.##...#..#....
.#.####...............#.......
.)...........###..#...#.......
##.########### #..#.........#.
##.# ###......#....... ##.#
.........$......
##.#############.#....††..#
##...............†.....##.#..
......####### #@##..........#
..............##l###.........#
.......### #......JJ.....#...
######.# #....#.#........#.#
.......# #.##.).....#....#..
########## #. #.#.............
.........## # #.###...#.#.....
..........# #.###.#.....#.##
#####.....# ##.#...#.........


You could see a frilled lizard.

Vanquished Creatures
  A dart slug (D:1)
  2 endoplasms (D:1)
  A giant cockroach (D:1)
  3 goblins (D:1)
  3 hobgoblins (D:1)
  3 jackals (D:1)
  3 kobolds (D:1)
  A ball python (D:1)
  2 bats (D:1)
  3 frilled lizards (D:1)
22 creatures vanquished.

Notes
Turn   | Place    | Note
-------+----------+-------------------------------------------
     0 | D:1      | BritishOli the Demonspawn Fighter began the quest for the
                  | Orb.
     0 | D:1      | Reached XP level 1. HP: 18/18 MP: 1/1
   280 | D:1      | Gained mutation: You have a small tail. [demonic ancestry]
   280 | D:1      | Reached XP level 2. HP: 24/24 MP: 2/2
   619 | D:1      | HP: 1/24 [endoplasm (3)]
   621 | D:1      | Slain by a frilled lizard

Illustrated notes

Levels and vault maps discovered:
D:1:      giann_horns, layout_basic, hellmonk_ecumenical_altar_blasted

Skill      XL: |  1  2 |
---------------+-------+-----
Long Blades    | 2 |  2.1
Armour         | 3 |  3.0
Shields        | 3 |  3.0
Fighting       | |  3.3

Action                   || total
-------------------------++-------
Melee: Long sword        ||    70
       Tailslap          ||     4
Armor: Scale mail        ||    54
Dodge: Dodged            ||    52
Block: Buckler           ||    13

Table legend: (Time is in decaauts)
 A = Elapsed time spent in this place.
 B = Non-inter-level travel time spent in this place.
 C = Inter-level travel time spent in this place.
 D = Time resting spent in this place.
 E = Time spent auto-exploring this place.
 F = Levels seen in this place.
 G = Mean time per level.
                   A        B        C        D        E       F      G
               +--------+--------+--------+--------+--------+-----+--------+
         Total |    644 |    644 |      0 |      0 |    494 |   1 |  644.0 |
       Dungeon |    644 |    644 |      0 |      0 |    494 |   1 |  644.0 |
               +--------+--------+--------+--------+--------+-----+--------+

Top non-repeatable levels by time:
     D:1: 644 daAuts
